 Seeded DCSS version 0.28-a0-1567-g1695149f81 (webtiles) character file.

Game seed: 5291 (custom seed)

7 knot the Chopper (level 1, 0/27 HPs)
             Began as a Demonspawn Berserker on Jan 20, 2022.
             Was a Follower of Trog.
             Slain by a goblin (3 damage)
             ... on level 1 of the Dungeon.
             The game lasted 00:00:19 (559 turns).

knot the Chopper (Demonspawn Berserker)              Turns: 559, Time: 00:00:20

Health: 0/27       AC:  2    Str: 17    XL:     1   Next: 91%
Magic:  1/1        EV: 12    Int:  8    God:    Trog [*.....]
Gold:   4          SH:  0    Dex: 12    Spells: 0/0 levels left

rFire   . . .      SeeInvis .   a - +0 hand axe
rCold   . . .      Faith    .   (no shield)
rNeg    . . .      Spirit   .   b - +0 animal skin
rPois   .          Reflect  .   (no helmet)
rElec   .          Harm     .   (no cloak)
rCorr   .          Rampage  .   (no gloves)
Will    .....                   (no boots)
Stlth   ..........              (no amulet)
HPRegen 0.09/turn               (no ring)
MPRegen 0.07/turn               (no ring)

@: berserking (expiring), very quick
A: no striking features
a: Renounce Religion, Berserk


You were on level 1 of the Dungeon.
You worshipped Trog.
Trog was aware of your devotion.
You visited 1 branch of the dungeon, and saw 1 of its levels.

You collected 4 gold pieces.

Inventory:

Hand Weapons
 a - a +0 hand axe (weapon)
Armour
 b - a +0 animal skin (worn)
Scrolls
 c - a scroll of enchant weapon {unknown}
Potions
 d - a potion of resistance {unknown}
 e - a potion of degeneration {unknown}


   Skills:
 - Level 3.0 Fighting
 + Level 3.2 Axes
 - Level 1.7 Armour
 - Level 1.7 Dodging


You couldn't memorise any spells.
You didn't know any spells.
Your spell library was empty.

Dungeon Overview and Level Annotations

Branches:
Dungeon (1/15)

Altars:


Message History

The hobgoblin hits you but does no damage.
You closely miss the hobgoblin.
The hobgoblin is severely wounded.
The hobgoblin hits you. x2
You barely miss the hobgoblin.
The hobgoblin is severely wounded.
You barely miss the goblin.
The hobgoblin hits you but does no damage.
The goblin hits you with a +0 dagger.
You barely miss the hobgoblin.
The hobgoblin is severely wounded.
You barely miss the goblin. The goblin hits you with a +0 dagger.
The hobgoblin hits you but does no damage.
A hobgoblin comes into view.
You hit the hobgoblin.
You kill the hobgoblin!
Trog accepts your kill.
You hit the goblin. The goblin hits you with a +0 dagger.
You are too injured to fight recklessly!
You are too injured to fight recklessly!
You are too injured to fight recklessly!
Unknown command.
A red film seems to cover your vision as you go berserk!
You feel yourself moving faster!
You feel mighty! The goblin barely misses you.
You miss the goblin.
The goblin is moderately wounded.
The goblin hits you with a +0 dagger.
* * * LOW HITPOINT WARNING * * *
You miss the goblin.
The goblin is moderately wounded.
You slash the hobgoblin!
You kill the hobgoblin!
Trog accepts your kill. The goblin hits you with a +0 dagger.
* * * LOW HITPOINT WARNING * * *
You closely miss the goblin. You completely miss the goblin.
The goblin hits you with a +0 dagger.
* * * LOW HITPOINT WARNING * * *
You completely miss the goblin. The goblin hits you with a +0 dagger.
You die...

#........ #........
#........ #........
##########+#.#........
#.......#... +........
###.#####.#..#+#†g...$..
........#.......@...#
..#.###.#...........#
..#.#.#.#...........#
..#.#...#...........#
###.#........†....#.#
#.#...#.#####...#.#
###.##..#... +.....#
........#.### #...###
.......#### #####


You could see a goblin.

Vanquished Creatures
  An endoplasm (D:1)
  2 hobgoblins (D:1)
  3 ball pythons (D:1)
  A frilled lizard (D:1)
  A rat (D:1)
8 creatures vanquished.

Notes
Turn   | Place    | Note
-------+----------+-------------------------------------------
     0 | D:1      | knot the Demonspawn Berserker began the quest for the Orb.
     0 | D:1      | Reached XP level 1. HP: 18/18 MP: 1/1
   484 | D:1      | Found a faded altar of an unknown god.
   559 | D:1      | Slain by a goblin

Illustrated notes

Levels and vault maps discovered:
D:1:      dpeg_arrival_ternary, layout_basic, ebering_ecumenical_altar_mist

Skill      XL: |  1 |
---------------+----+-----
Axes           | 3 |  3.2
Fighting       | |  3.0
Armour         | |  1.7
Dodging        | |  1.7

Action                   || total
-------------------------++-------
Melee: Hand axe          ||    31
       Punch             ||     1
Invok: Berserk           ||     2
Armor: Animal skin       ||     9
Dodge: Dodged            ||    11

Table legend: (Time is in decaauts)
 A = Elapsed time spent in this place.
 B = Non-inter-level travel time spent in this place.
 C = Inter-level travel time spent in this place.
 D = Time resting spent in this place.
 E = Time spent auto-exploring this place.
 F = Levels seen in this place.
 G = Mean time per level.
                   A        B        C        D        E       F      G
               +--------+--------+--------+--------+--------+-----+--------+
         Total |    573 |    573 |      0 |    160 |    348 |   1 |  573.0 |
       Dungeon |    573 |    573 |      0 |    160 |    348 |   1 |  573.0 |
               +--------+--------+--------+--------+--------+-----+--------+

Top non-repeatable levels by time:
     D:1: 573 daAuts
